Map: Torres Crepusculares

Players

ToP

  • Race: Zerg Zerg
  • League: Master

TheZergLord - Winner!

  • Race: Zerg Zerg
  • League: Master

VOD

Have the link to the VOD?

Description

Time

  • Played on: May 6, 2016, 2:47 p.m.
  • Length: 6:20
Show
View Real Time Build Order
Export as new Build Order

ToP Zerg 

Build Orders: Pool First, Zergling Baneling 

Get SALT Encoding   

  12  0:01  Drone  
  13  0:12  Overlord  
  13  0:17  Drone  
  14  0:31  Extractor, Drone x2  
  16  0:35  Drone  
  16  0:48  Spawning Pool  
  15  0:52  Drone  
  17  0:57  Drone  
  17  1:07  Overlord  
  17  1:34  Queen  
  17  1:35  Zergling x2  
  17  1:36  Zergling x2, Metabolic Boost  
  17  1:39  Zergling x2  
  22  1:50  Zergling x2  
  22  1:53  Baneling Nest  
  22  2:02  Zergling x2  
  23  2:12  Zergling x2  
  24  2:22  Zergling x2  
  25  2:27  Hatchery  
  24  2:38  Baneling x2  
  24  2:47  Zergling x8  
  27  2:59  Baneling  
  27  3:00  Baneling  
  27  3:01  Zergling x4  
  29  3:06  Baneling  
  23  3:28  Baneling x2  
  23  3:29  Zergling x8  
  23  3:31  Queen  
  29  3:34  Drone  
  26  3:58  Zergling x2  
  26  3:59  Zergling x6  
  28  4:04  Baneling x2  
  28  4:05  Drone  
  28  4:06  Drone  
  30  4:13  Drone  
  30  4:14  Drone x3  
  34  4:18  Baneling x2  
  33  4:28  Drone x2  
  32  4:52  Zergling x6  
  27  4:53  Queen x2, Zergling x4  
  32  5:01  Zergling x4  
  34  5:11  Baneling x2  
  34  5:13  Roach Warren  
  33  5:15  Drone  
  33  5:16  Drone  
  35  5:24  Drone  
  35  5:25  Drone  
  34  5:34  Drone x2  
  34  5:44  Zergling x2  
  35  5:51  Overlord x2  
Show
View Real Time Build Order
Export as new Build Order

TheZergLord Zerg - Winner!

Build Orders: Hatch First, Zergling Baneling 

Get SALT Encoding   

  12  0:01  Drone  
  13  0:14  Overlord  
  13  0:18  Drone  
  14  0:33  Drone x2  
  16  0:36  Drone  
  17  0:52  Hatchery  
  17  0:56  Drone  
  17  1:09  Spawning Pool  
  16  1:12  Extractor  
  16  1:14  Drone  
  16  1:19  Drone  
  16  1:22  Drone  
  18  1:31  Drone  
  19  1:43  Overlord  
  19  1:56  Queen  
  19  1:57  Zergling x2  
  22  2:03  Drone  
  22  2:04  Queen  
  22  2:05  Drone  
  26  2:16  Metabolic Boost  
  26  2:17  Zergling x4  
  28  2:25  Zergling x2  
  28  2:29  Zergling x2  
  30  2:38  Baneling Nest  
  28  2:48  Drone x3  
  28  2:49  Drone  
  32  3:00  Overlord  
  32  3:01  Zergling x2  
  35  3:05  Zergling x2  
  35  3:08  Zergling x2  
  35  3:09  Zergling x2  
  32  3:31  Zergling x6  
  32  3:32  Zergling x6  
  32  3:33  Baneling  
  32  3:34  Baneling x5  
  38  3:43  Drone  
  38  3:44  Drone  
  31  3:58  Drone x3  
  31  4:02  Drone x2  
  35  4:06  Overlord  
  35  4:12  Drone  
  36  4:22  Baneling x5  
  30  4:52  Drone x2  
  30  4:53  Zergling x2, Drone x2  
  30  4:54  Zergling x2  
  33  5:04  Zergling x4  
  33  5:06  Baneling  
  35  5:11  Queen  
  37  5:18  Zergling x8  
  37  5:19  Zergling x6  
  42  5:33  Baneling  
  42  5:34  Baneling  
  41  5:36  Baneling  
  41  5:42  Drone x4  
  44  5:46  Roach Warren  
  44  5:47  Drone x2  
  44  5:48  Drone x2  
  47  5:51  Drone  
  47  5:55  Baneling x2  
  48  5:58  Hatchery  
Tags
 
Add a new tag
Caveats
  • Supply blocks, unpowered buildings, or Contaminate may cause inaccurate times.
  • Supply counts are checked every 10 seconds.